Map: Acid Plant LE

Players

MaNa - Winner!

  • Race: Protoss Protoss
  • Spawn Location: 11:00

Zanster

  • Race: Zerg Zerg
  • Spawn Location: 5:00

Event: IEM Season 12 - Katowice

VOD

Have the link to the VOD?

Description

Time

  • Played on: Feb. 26, 2018, 9:16 a.m.
  • Length: 25:10

All games in this series

Show
View Real Time Build Order
Export as new Build Order

MaNa Protoss - Winner!

Build Orders: 1 Gate Expand, Oracle Opening, Archon Immortal 

Get SALT Encoding   

  12  0:00  Probe  
  13  0:15  Pylon  
  13  0:17  Probe (Chrono Boost)  
  14  0:26  Probe (Chrono Boost)  
  15  0:31  Probe (Chrono Boost)  
  15  0:35  Assimilator  
  16  0:43  Probe  
  16  0:49  Gateway  
  17  0:55  Probe (Chrono Boost)  
  18  1:07  Probe (Chrono Boost)  
  19  1:13  Probe (Chrono Boost)  
  20  1:25  Nexus  
  20  1:36  Cybernetics Core  
  20  1:39  Probe  
  21  1:44  Assimilator  
  21  1:51  Probe  
  22  1:54  Pylon  
  22  2:03  Probe  
  23  2:11  Adept (Chrono Boost)  
  25  2:16  Stargate  
  25  2:18  Probe  
  26  2:26  Warp Gate  
  26  2:30  Probe  
  26  2:33  Adept  
  29  2:38  Probe (Chrono Boost)  
  31  2:47  Probe (Chrono Boost)  
  31  2:50  Probe (Chrono Boost)  
  32  2:57  Probe x2 (Chrono Boost), Void Ray (Chrono Boost)  
  34  3:05  Probe  
  39  3:07  Probe  
  40  3:17  Gateway  
  40  3:18  Probe  
  40  3:19  Probe  
  42  3:28  Pylon  
  42  3:30  Probe  
  42  3:31  Probe  
  44  3:37  Pylon  
  44  3:40  Oracle (Chrono Boost)  
  44  3:44  Probe  
  44  3:46  Probe  
  44  3:47  Assimilator  
  47  3:48  Assimilator  
  47  3:54  Robotics Facility  
  47  3:56  Probe  
  47  3:58  Probe  
  49  4:09  Probe  
  50  4:10  Probe  
  50  4:11  Oracle  
  54  4:21  Probe  
  54  4:23  Probe  
  56  4:27  Pylon  
  56  4:29  Adept x2  
  60  4:33  Probe  
  60  4:35  Probe  
  62  4:41  Pylon  
  62  4:47  Observer  
  62  4:52  Probe  
  64  4:53  Probe  
  64  4:57  Twilight Council  
  65  5:05  Adept, Pylon  
  65  5:06  Adept  
  69  5:09  Probe  
  69  5:10  Probe  
  71  5:16  Immortal  
  75  5:23  Nexus  
  76  5:28  Probe x2, Pylon  
  76  5:32  Pylon  
  76  5:33  Sentry  
  76  5:34  Sentry  
  76  5:35  Charge  
  81  5:41  Robotics Facility  
  81  5:49  Templar Archives  
  81  5:51  Probe x2  
  81  5:53  Gateway  
  81  5:56  Gateway  
  83  5:57  Shield Battery  
  83  6:00  Immortal (Chrono Boost)  
  87  6:09  Probe x2  
  89  6:12  Forge  
  89  6:21  Probe x2  
  91  6:30  Immortal (Chrono Boost)  
  91  6:31  Immortal (Chrono Boost)  
  91  6:33  Probe  
  100  6:47  Gateway x2  
  100  6:50  Zealot x2  
  104  7:00  Photon Cannon, Warp Prism (Chrono Boost)  
  106  7:06  Protoss Ground Weapons Level 1 (Chrono Boost)  
  106  7:09  Photon Cannon  
  106  7:10  Photon Cannon  
  106  7:13  Psionic Storm, High Templar x3  
  106  7:14  High Templar  
  114  7:22  Probe x3  
  117  7:26  Pylon, Assimilator  
  117  7:27  Assimilator  
  117  7:44  Probe x2  
  117  7:45  Gateway x2  
  117  7:48  Immortal  
  123  7:55  Probe  
  123  7:57  Gateway  
  125  8:02  Pylon  
  125  8:03  Pylon  
  128  8:20  Immortal  
  128  8:27  High Templar x4  
  128  8:28  Zealot x2  
  128  8:32  Archon x2  
  140  8:36  Nexus  
  140  8:37  Photon Cannon  
  140  8:39  Pylon  
  140  8:42  Protoss Ground Weapons Level 2 (Chrono Boost)  
  136  8:57  Photon Cannon  
  136  8:59  Shield Battery  
  136  9:02  Zealot x6  
  148  9:07  Pylon  
  148  9:10  Pylon x2  
  148  9:12  Pylon  
  148  9:18  Pylon  
  148  9:26  Fleet Beacon  
  148  9:30  Observer  
  149  9:36  Blink (Chrono Boost)  
  149  9:37  Probe x2  
  149  9:47  High Templar x3  
  149  9:48  Zealot x4, High Templar  
  165  9:53  Archon  
  165  9:55  Archon  
  165  9:58  Immortal x2  
  157  10:19  Zealot x3, Archon  
  157  10:20  Zealot x5  
  151  10:30  Tempest (Chrono Boost)  
  151  10:32  Assimilator  
  157  10:37  Immortal  
  161  10:42  High Templar  
  161  10:43  High Templar x2  
  167  10:51  Assimilator  
  167  10:53  Stargate  
  167  11:03  Observer  
  157  11:06  Stargate  
  157  11:10  Probe x4  
  161  11:21  Tempest (Chrono Boost)  
  161  11:22  Probe  
  164  11:37  Tempest (Chrono Boost)  
  170  11:43  Zealot x7  
  184  11:49  Tempest (Chrono Boost)  
  168  12:03  Stalker x4  
  168  12:04  Stalker x4  
  173  12:11  Nexus  
  161  12:25  Archon  
  157  12:30  High Templar  
  157  12:31  High Templar x3  
  144  12:45  Nexus  
  144  12:46  Zealot x5  
  132  13:18  Immortal x2 (Chrono Boost)  
  113  13:21  High Templar  
  113  13:22  High Templar x3  
  113  13:24  Pylon  
  113  13:25  Zealot x3  
  135  13:30  Carrier  
  140  13:37  Pylon  
  138  13:47  High Templar x2  
  138  13:48  Shield Battery  
  142  13:51  Archon  
  142  13:55  Zealot x2  
  142  13:56  Zealot x5  
  142  13:59  Observer  
  157  14:06  Shield Battery  
  157  14:08  Shield Battery  
  145  14:10  Shield Battery  
  133  14:20  High Templar  
  133  14:21  Zealot x2, High Templar  
  137  14:26  Zealot x3  
  137  14:27  Archon  
  125  14:51  Archon  
  125  14:52  Zealot x3, Archon  
  111  14:53  Zealot x5  
  105  15:14  Observer x2  
  105  15:16  High Templar x4  
  105  15:18  High Templar  
  105  15:19  High Templar x3  
  121  15:24  Archon x2  
  121  15:26  Zealot  
  123  15:38  Immortal x2 (Chrono Boost)  
  127  15:56  High Templar x2  
  127  15:57  Zealot x5, High Templar x2  
  129  16:01  Archon x2  
  139  16:19  Zealot x5  
  117  16:39  High Templar x4  
  119  16:42  Pylon  
  119  16:44  Archon x2  
  119  17:03  Nexus  
  119  17:18  High Templar  
  119  17:19  High Templar x3  
  119  17:20  Zealot x4  
  119  17:21  Zealot  
  137  17:25  Archon x2  
  134  17:45  Zealot x4  
  142  17:51  High Templar x2  
  142  17:52  Zealot x3  
  114  18:20  High Templar x4  
  114  18:21  Zealot x3  
  124  18:30  Protoss Ground Armor Level 1  
  124  18:34  Archon x2  
  124  18:36  Observer  
  124  18:45  Pylon  
  122  18:48  Zealot x3  
  122  18:49  Zealot x2  
  122  18:54  Zealot x4  
  122  19:24  Zealot x5, High Templar x3  
  88  19:33  High Templar  
  86  19:43  Immortal  
  90  19:46  Immortal  
  90  19:49  Zealot x4  
  90  19:50  Zealot  
  90  19:51  Assimilator  
  104  19:59  Zealot x3  
  110  20:13  Archon  
  106  20:25  Immortal x2  
  106  20:27  Probe  
  106  20:28  Probe x3  
  105  20:32  Archon  
  105  20:33  Zealot x4, High Templar x2  
  118  20:40  Probe  
  115  21:10  Probe x3  
  119  21:15  Assimilator  
  119  21:16  Zealot  
  119  21:17  Zealot x4  
  128  21:23  High Templar x4  
  136  21:35  Immortal x2  
  136  22:00  Zealot x2, High Templar  
  136  22:01  Zealot x5  
  150  22:28  Pylon, Observer, High Templar  
  150  22:29  High Templar x3  
  158  22:37  Zealot x2  
  158  22:39  Photon Cannon  
  158  22:41  Photon Cannon  
  158  22:42  Photon Cannon  
  158  22:43  Shield Battery  
  158  22:44  Shield Battery  
  162  22:48  Pylon  
  146  23:14  Zealot x4  
  146  23:15  Zealot  
  142  23:41  Stalker x7  
  142  23:42  Stalker x2  
  160  24:06  Zealot x7  
  142  24:42  Zealot x6  
  142  24:43  Zealot x3  
Show
View Real Time Build Order
Export as new Build Order

Zanster Zerg 

Build Orders: Pool First 

Get SALT Encoding   

  12  0:01  Drone  
  13  0:13  Overlord  
  13  0:18  Drone  
  14  0:31  Drone  
  14  0:32  Drone  
  16  0:36  Drone  
  17  0:49  Drone  
  18  0:52  Spawning Pool  
  18  0:55  Extractor  
  16  0:57  Drone  
  17  1:08  Drone  
  18  1:18  Hatchery  
  17  1:22  Drone  
  18  1:29  Drone  
  19  1:40  Queen  
  19  1:42  Zergling x2  
  22  1:50  Overlord  
  22  1:56  Metabolic Boost  
  22  2:10  Drone  
  22  2:12  Drone  
  24  2:15  Queen  
  26  2:24  Drone  
  27  2:32  Hatchery  
  27  2:35  Drone  
  27  2:37  Zergling x2  
  27  2:42  Zergling x2  
  29  2:44  Drone  
  30  2:51  Drone  
  30  2:52  Drone x2  
  30  2:55  Overlord  
  33  3:01  Drone  
  33  3:02  Drone  
  35  3:10  Overlord  
  35  3:14  Drone  
  36  3:22  Drone x4  
  40  3:27  Overlord  
  40  3:29  Drone x3  
  40  3:32  Drone  
  44  3:40  Drone  
  44  3:48  Spore Crawler  
  43  3:50  Spore Crawler, Queen  
  43  3:51  Drone x3  
  49  3:56  Pneumatized Carapace  
  49  3:57  Drone x3  
  49  3:59  Drone  
  49  4:00  Drone  
  49  4:02  Drone  
  52  4:04  Spore Crawler  
  52  4:06  Overlord  
  52  4:08  Drone x2  
  53  4:10  Drone  
  53  4:13  Extractor  
  53  4:14  Drone  
  53  4:15  Drone, Extractor  
  54  4:22  Drone  
  54  4:23  Baneling Nest  
  54  4:25  Drone x3  
  57  4:33  Queen, Overlord  
  58  4:43  Overlord x2  
  58  4:49  Overlord  
  58  4:53  Zergling x4  
  58  4:54  Zergling x6  
  58  4:56  Lair  
  58  4:59  Drone x3  
  65  5:05  Zergling x6  
  65  5:06  Zergling x2  
  68  5:12  Zergling x8  
  72  5:15  Overlord  
  72  5:25  Queen  
  72  5:28  Queen  
  72  5:33  Drone x9  
  83  5:38  Drone  
  83  5:40  Evolution Chamber x2  
  83  5:41  Overlord  
  82  5:43  Drone x2  
  82  5:45  Drone  
  82  5:49  Extractor  
  84  5:50  Overlord  
  84  5:53  Drone x4  
  84  5:55  Drone  
  89  5:58  Overlord  
  89  6:04  Spire  
  89  6:06  Zerg Missile Weapons Level 1, Zerg Melee Weapons Level 1  
  89  6:09  Overlord, Extractor  
  87  6:11  Extractor  
  87  6:12  Hydralisk Den  
  86  6:21  Drone  
  86  6:22  Drone  
  86  6:23  Centrifical Hooks  
  88  6:26  Drone x4  
  88  6:27  Drone  
  88  6:30  Overlord  
  93  6:34  Hatchery  
  91  6:40  Drone x2  
  91  6:42  Hydralisk x6  
  91  6:45  Grooved Spines  
  105  6:53  Hydralisk x3  
  111  6:58  Overlord  
  111  7:00  Infestation Pit  
  109  7:02  Baneling  
  109  7:03  Baneling x4  
  109  7:14  Hydralisk x4  
  117  7:18  Overlord  
  117  7:20  Hydralisk x2  
  117  7:21  Zergling x2  
  122  7:25  Hatchery  
  122  7:28  Overseer  
  121  7:30  Hydralisk  
  121  7:31  Zergling x14  
  121  7:36  Baneling  
  121  7:37  Overlord, Baneling x5  
  129  7:39  Overlord  
  129  7:45  Drone, Hive  
  129  7:46  Drone x2  
  129  7:48  Drone x2  
  129  7:49  Drone  
  129  7:50  Drone  
  129  7:51  Drone  
  137  7:56  Drone  
  138  7:58  Drone, Spire  
  138  7:59  Drone  
  139  8:08  Zerg Melee Weapons Level 2  
  139  8:11  Drone  
  139  8:12  Drone, Extractor  
  140  8:13  Zergling x8  
  140  8:14  Extractor  
  140  8:17  Zergling x4  
  140  8:18  Zergling x10  
  150  8:24  Overlord  
  150  8:29  Overlord  
  150  8:30  Overlord  
  150  8:31  Zergling x2  
  150  8:33  Overlord  
  151  8:35  Overlord x2  
  151  8:42  Drone  
  151  8:43  Drone x4  
  151  8:44  Overlord  
  151  8:47  Muscular Augments  
  155  8:49  Drone  
  155  8:50  Drone  
  155  8:57  Hydralisk x5  
  155  8:58  Zergling x14  
  155  9:02  Zergling x4  
  173  9:09  Zergling x2  
  162  9:10  Zergling x6  
  162  9:14  Baneling x6  
  162  9:15  Baneling x6  
  164  9:18  Zerg Missile Weapons Level 2, Greater Spire  
  164  9:22  Hydralisk x2  
  164  9:23  Zergling x4  
  170  9:27  Baneling x5  
  170  9:29  Drone x4  
  160  9:52  Corruptor x6  
  162  9:53  Corruptor x2  
  126  10:30  Brood Lord x6  
  126  10:32  Zergling x24  
  126  10:33  Zergling x2  
  126  10:35  Hatchery  
  150  10:40  Brood Lord  
  152  10:46  Brood Lord  
  153  10:58  Overseer  
  153  11:00  Hatchery, Hydralisk  
  153  11:01  Hydralisk x3  
  156  11:13  Hatchery  
  156  11:14  Hydralisk x4  
  163  11:24  Hydralisk  
  163  11:25  Hydralisk x3  
  171  11:34  Hydralisk x3  
  176  11:43  Baneling x5  
  176  11:45  Hydralisk  
  178  11:50  Zergling x20  
  178  12:02  Hydralisk x5  
  178  12:05  Overseer  
  178  12:06  Overseer  
  174  12:28  Hydralisk  
  174  12:29  Zergling x12  
  165  12:37  Hydralisk, Zergling x2  
  158  12:45  Hydralisk x2  
  158  12:48  Hydralisk  
  140  12:53  Hydralisk  
  140  12:54  Hydralisk  
  140  12:55  Queen x3  
  140  12:57  Hydralisk  
  140  12:58  Queen, Zergling x6  
  147  13:03  Hydralisk, Zergling x2  
  138  13:06  Extractor  
  138  13:07  Extractor, Zergling x6  
  138  13:08  Zerg Missile Weapons Level 3, Zerg Melee Weapons Level 3  
  139  13:14  Zergling x8  
  139  13:19  Baneling x13  
  143  13:21  Zergling x6  
  146  13:27  Zergling x4  
  147  13:34  Zergling x2  
  147  13:35  Zergling x6  
  147  13:39  Queen  
  147  13:40  Drone  
  147  13:41  Drone x2  
  155  13:43  Hatchery  
  155  13:48  Hydralisk x3  
  152  13:55  Zergling x6  
  159  13:57  Overlord  
  161  14:03  Hydralisk x4  
  161  14:08  Hydralisk  
  161  14:09  Zergling x12  
  174  14:10  Zergling x4  
  174  14:17  Baneling x13  
  174  14:19  Zergling x6  
  174  14:20  Baneling  
  174  14:21  Baneling, Hatchery  
  176  14:29  Zergling x8  
  176  14:30  Zergling x2  
  178  14:38  Hydralisk, Zergling x2  
  166  14:39  Zergling x4  
  159  14:48  Hydralisk  
  159  14:49  Hydralisk x3  
  142  14:57  Hydralisk x2  
  142  14:58  Zergling x2  
  127  15:02  Hydralisk  
  127  15:03  Zergling x2  
  126  15:11  Drone  
  126  15:12  Drone x4  
  131  15:20  Baneling  
  131  15:21  Baneling x6  
  129  15:28  Drone  
  129  15:29  Drone x4  
  133  15:45  Zerg Ground Armor Level 1  
  133  15:48  Zergling x18  
  139  15:51  Hatchery  
  139  15:53  Drone x4  
  141  16:03  Viper x2  
  141  16:04  Viper  
  139  16:19  Baneling x4  
  103  16:32  Hydralisk  
  103  16:33  Hydralisk x10  
  103  16:35  Zergling x2  
  117  16:41  Hydralisk x2, Zergling x2  
  122  16:48  Hydralisk  
  122  16:49  Hydralisk x2, Zergling x2  
  122  16:51  Zergling x2  
  122  16:53  Overseer  
  130  16:55  Baneling x2  
  130  16:58  Hydralisk  
  130  16:59  Hydralisk x2  
  130  17:00  Zergling x2  
  137  17:03  Baneling  
  137  17:04  Baneling  
  137  17:08  Hydralisk  
  137  17:09  Hydralisk x2, Zergling x4  
  137  17:12  Baneling x4  
  145  17:22  Hydralisk  
  145  17:23  Hydralisk x5  
  145  17:27  Baneling x2  
  157  17:32  Zergling x12  
  157  17:33  Zergling x2  
  163  17:55  Overlord x2  
  172  18:01  Zerg Ground Armor Level 2  
  172  18:03  Ultralisk Cavern  
  166  18:12  Hydralisk x2, Zergling x12  
  140  18:13  Zergling x2  
  140  18:18  Hydralisk  
  140  18:19  Hydralisk x3  
  127  18:21  Hydralisk x2  
  127  18:22  Zergling x12  
  131  18:34  Baneling x5  
  125  18:38  Hydralisk  
  125  18:39  Hydralisk x3, Zergling x2  
  125  18:40  Zergling x2, Hatchery  
  133  18:59  Hydralisk  
  133  19:00  Zergling x14  
  133  19:01  Zergling x2  
  131  19:12  Hydralisk, Zergling x2  
  131  19:13  Zergling x2  
  110  19:28  Hydralisk x2, Zergling x2  
  110  19:44  Baneling x7  
  110  19:45  Hydralisk, Zergling x2  
  111  20:04  Hatchery  
  98  20:19  Hydralisk  
  98  20:20  Hydralisk x5, Zergling x2  
  98  20:21  Zergling x2  
  100  20:27  Hydralisk x2  
  98  20:30  Hydralisk  
  100  20:41  Hydralisk x3  
  102  20:44  Baneling x3  
  102  20:46  Zergling x2  
  101  20:51  Baneling  
  100  21:25  Extractor x2  
  99  21:30  Hatchery  
  96  21:52  Zergling x18  
  102  21:57  Hatchery  
  97  22:05  Hydralisk x3  
  103  22:08  Baneling  
  103  22:09  Baneling  
  103  22:16  Hydralisk x2  
  103  22:17  Zergling x2  
  108  22:28  Baneling x3  
  108  23:01  Hatchery  
  101  23:13  Zergling x4  
  101  23:14  Zergling x14  
  110  23:29  Hatchery  
  110  23:33  Hatchery  
  110  23:39  Hydralisk  
  110  23:40  Zergling x10  
  113  23:42  Baneling  
  113  23:43  Baneling x5  
  113  23:50  Hatchery  
  113  23:53  Baneling x3  
  111  24:01  Hydralisk  
  111  24:02  Zergling x2  
  114  24:10  Baneling  
  114  24:11  Baneling  
  114  24:14  Hydralisk  
  98  24:24  Hydralisk  
  98  24:25  Zergling x10  
  97  24:35  Hydralisk  
  97  24:36  Zergling x2  

Tags
 
Add a new tag
Caveats
  • Supply blocks, unpowered buildings, or Contaminate may cause inaccurate times.
  • Supply counts are checked every 10 seconds.